 Dungeon Crawl Stone Soup version 0.29-a0-620-g13ace881f2 (webtiles) character file.

Game seed: 14520377968281784314

84 CollectiveS the Cudgeller (level 4, -8/35 HPs)
             Began as a Demonspawn Fighter on June 19, 2022.
             Was a Follower of Trog.
             Killed from afar by Natasha (18 damage)
             ... with a bolt of dispelling energy
             ... on level 2 of the Dungeon.
             The game lasted 00:03:15 (2119 turns).

CollectiveS the Cudgeller (Demonspawn Fighter)      Turns: 2119, Time: 00:03:16

Health: -8/35      AC: 10    Str: 19    XL:     4   Next: 23%
Magic:  4/4        EV:  9    Int:  9    God:    Trog [*.....]
Gold:   170        SH:  4    Dex: 12    Spells: 3/3 levels left

rFire   + . .      SeeInvis .   a - +0 flail
rCold   . . .      Faith    .   c - +0 buckler
rNeg    . . .      Spirit   .   b - +0 scale mail
rPois   .          Reflect  .   (no helmet)
rElec   .          Harm     .   (no cloak)
rCorr   .          Rampage  .   (no gloves)
Will    .....                   (no boots)
Stlth   ..........              (no amulet)
HPRegen 0.11/turn               e - +4 ring of protection
MPRegen 0.18/turn               m - ring of protection from fire

@: no status effects
A: hooves 1, magic regeneration
a: Renounce Religion, Berserk


You were on level 2 of the Dungeon.
You worshipped Trog.
Trog was aware of your devotion.
You visited 1 branch of the dungeon, and saw 2 of its levels.

You collected 170 gold pieces.

Inventory:

Hand Weapons
 a - a +0 flail (weapon)
Armour
 b - a +0 scale mail (worn)
 c - a +0 buckler (worn)
Jewellery
 e - a +4 ring of protection (left hand)
 m - a ring of protection from fire (right hand)
Scrolls
 f - 4 scrolls of identify {unknown}
 g - 2 scrolls of enchant armour {unknown}
 i - 2 scrolls of fear {unknown}
 j - a scroll of teleportation {unknown}
 o - a scroll of amnesia {unknown}
Potions
 d - a potion of might
 h - a potion of haste {unknown}
 k - a potion of mutation {unknown}
 l - a potion of heal wounds {unknown}
 n - a potion of curing {unknown}
 p - a potion of degeneration {unknown}
 q - a potion of attraction {unknown}


   Skills:
 - Level 3.1 Fighting
 + Level 3.9 Maces & Flails
 - Level 2.8 Armour
 - Level 2.8 Shields


You had 3 spell levels left.
You didn't know any spells.
Your spell library was empty.

Dungeon Overview and Level Annotations

Branches:
Dungeon (2/15)

Altars:
Trog

Annotations:
D:2 Natasha


Innate Abilities, Weirdness & Mutations

You have large cloven feet.
You regenerate magic rapidly.


Message History

No target in view!
p - an orange potion You open the door.
You open the door.
There is an open door here.
q - a coppery potion You now have 164 gold pieces (gained 8).
g - 2 scrolls labelled KAUQ DOEZA PAO (gained 1)
There is an open door here.
You now have 170 gold pieces (gained 6).
There is an open door here.
Natasha, Servant of Life and Death comes into view.
She is carrying a wand of quicksilver (12).
Natasha casts a spell at you. The magic dart hits you.
You block Natasha's attack.
You barely miss Natasha. You kick Natasha, but do no damage.
Natasha wildly gestures.
You feel troubled. Natasha closely misses you.
You barely miss Natasha. Your kick misses Natasha.
Natasha casts a spell at you. You resist with some effort.
You miss Natasha.
Natasha zaps a wand.
The bolt of dispelling energy misses you.
You hit Natasha. Your kick misses Natasha.
Natasha is lightly wounded.
You block Natasha's attack.
Natasha zaps a wand.
The bolt of dispelling energy hits you!!
Ouch! That really hurt!
* * * LOW HITPOINT WARNING * * *
You are too injured to fight recklessly!
You are too injured to fight recklessly!
You are too injured to fight recklessly!
You are too injured to fight recklessly!
You barely miss Natasha. Your kick misses Natasha.
Natasha is lightly wounded.
Natasha zaps a wand.
The bolt of dispelling energy hits you!!
Ouch! That really hurt!
You die...

##.#......#
#.##...#.#
#.###.##.# # #.#
#.##.# .# #.. .....#
# . #####+#### #. .#
# ##...## #.###.##.#
##.....## #..h.....#
##.......## ##@#.#
##.........####....#
.+.........'.......#
##.........####....#
##.......## ##.#.#
##.....## ###.#
##...## .# ##'## ..
#.#


You could see Natasha.

Vanquished Creatures
  Natasha (D:2)
  2 adders (D:2)
  A worm (D:2)
  A dart slug (D:2)
  2 bats
  2 endoplasms
  A giant cockroach (D:1)
  5 hobgoblins
  4 jackals (D:1)
  3 ball pythons
  3 frilled lizards
  4 goblins
  3 kobolds
  3 rats
35 creatures vanquished.

Notes
Turn   | Place    | Note
-------+----------+-------------------------------------------
     0 | D:1      | CollectiveS the Demonspawn Fighter began the quest for the
                  | Orb.
     0 | D:1      | Reached XP level 1. HP: 18/18 MP: 1/1
   363 | D:1      | Gained mutation: You regenerate magic rapidly. [demonic
                  | ancestry]
   363 | D:1      | Reached XP level 2. HP: 14/24 MP: 2/2
   665 | D:1      | Found a faded altar of an unknown god.
   920 | D:1      | Prayed at the altar of an unknown god.
   920 | D:1      | Became a worshipper of Trog the Wrathful
   920 | D:1      | Reached * piety under Trog
  1366 | D:2      | Gained mutation: You have large cloven feet. [demonic
                  | ancestry]
  1366 | D:2      | Reached XP level 3. HP: 29/29 MP: 3/3
  1568 | D:2      | Noticed Natasha
  1573 | D:2      | Killed Natasha
  1789 | D:2      | Reached XP level 4. HP: 35/35 MP: 4/4
  2112 | D:2      | Noticed Natasha
  2119 | D:2      | Killed from afar by Natasha

Illustrated notes

Levels and vault maps discovered:
D:1:      dpeg_arrival_tiny_c, layout_basic,
          hellmonk_ecumenical_altar_dog_temple
D:2:      minmay_inner_zag, layout_loops_corners, uniq_natasha

Skill      XL: |  1  2 |
---------------+-------+-----
Maces & Flails | 2 3 |  3.9
Fighting       | |  3.1
Armour         | |  2.8
Shields        | |  2.8

Action                   |  1- 3 |  4- 6 || total
-------------------------+-------+-------++-------
Melee: Flail             |   108 |    29 ||   137
       Kick              |     2 |     5 ||     7
Armor: Scale mail        |    46 |     7 ||    53
Dodge: Dodged            |    55 |    12 ||    67
Block: Buckler           |    21 |    11 ||    32

Table legend: (Time is in decaauts)
 A = Elapsed time spent in this place.
 B = Non-inter-level travel time spent in this place.
 C = Inter-level travel time spent in this place.
 D = Time resting spent in this place.
 E = Time spent auto-exploring this place.
 F = Levels seen in this place.
 G = Mean time per level.
                   A        B        C        D        E       F      G
               +--------+--------+--------+--------+--------+-----+--------+
         Total |   2160 |   2116 |     44 |      0 |   1809 |   2 | 1080.0 |
       Dungeon |   2160 |   2116 |     44 |      0 |   1809 |   2 | 1080.0 |
               +--------+--------+--------+--------+--------+-----+--------+

Top non-repeatable levels by time:
     D:1: 1102 daAuts
     D:2: 1057 daAuts
